 Dungeon Crawl Stone Soup version 0.19.1 (webtiles) character file.

2227 Host24 the Fighter (level 9, -1/60 HPs)
             Began as a Kobold Hunter on Dec 28, 2016.
             Was a Believer of Okawaru.
             Slain by an orc warrior
             ... wielding a +0 short sword
              (18 damage)
             ... on level 7 of the Dungeon.
             The game lasted 00:18:50 (8222 turns).

Host24 the Fighter (Kobold Hunter)                  Turns: 8222, Time: 00:18:51

Health: -1/60      AC:  7    Str: 10    XL:     9   Next: 62%
Magic:  9/9        EV: 21    Int: 12    God:    Okawaru [**....]
Gold:   358        SH:  0    Dex: 18    Spells: 0 memorised, 8 levels left

rFire  . . .     SeeInvis .     a - +1 hand crossbow
rCold  . . .     Gourm    .     c - +0 leather armour
rNeg   + . .     Faith    .     (shield restricted)
rPois  .         Spirit   .     D - +0 helmet
rElec  .         Reflect  .     (no cloak)
rCorr  .         Harm     .     w - +0 pair of gloves
MR     .....                    (no boots)
Stlth  ++........               (no amulet)
                                H - +2 ring of protection
                                t - ring of positive energy

@: no status effects
A: carnivore 3
a: Heroism, Renounce Religion


You were on level 7 of the Dungeon.
You worshipped Okawaru.
Okawaru was pleased with you.
You were very full.

You visited 1 branch of the dungeon, and saw 7 of its levels.

You collected 358 gold pieces.

Inventory:

Hand Weapons
 a - a +1 hand crossbow (weapon)
 h - a +3 dagger
 m - a +1 dagger of freezing
 s - a +0 hunting sling
 P - a +0 hand axe of venom
 T - a +0 blowgun
Missiles
 d - 60 bolts (quivered)
 i - 117 sling bullets
 j - 150 stones
 k - 48 poisoned needles
 r - 6 tomahawks of returning
 x - 2 tomahawks
 J - 50 arrows
Armour
 c - a +0 leather armour (worn)
 v - a +1 ring mail of cold resistance
 w - a +0 pair of gloves (worn)
 C - a +0 buckler
 D - a +0 helmet (worn)
Jewellery
 t - a ring of positive energy (left hand)
 H - a +2 ring of protection (right hand)
 N - an uncursed ring of protection from fire {unknown}
 R - an uncursed ring of fire {unknown}
Wands
 o - a wand of digging (11/24)
 F - a wand of iceblast (10/15)
 O - a wand of paralysis (13/24)
Scrolls
 b - a scroll of amnesia {unknown}
 e - a scroll of magic mapping {unknown}
 g - 3 scrolls of identify
 n - a scroll of enchant armour {unknown}
 p - 2 scrolls of teleportation
 y - a scroll of recharging {unknown}
 G - a scroll of immolation {unknown}
 I - a scroll of enchant weapon {unknown}
 L - a scroll of blinking {unknown}
 M - a scroll of fog {unknown}
 Q - a scroll of fear {unknown}
Potions
 l - 3 potions of lignification {unknown}
 q - 2 potions of haste {unknown}
 u - 3 potions of curing {unknown}
 z - 2 potions of flight {unknown}
 B - a potion of heal wounds {unknown}
 K - 3 potions of degeneration {unknown}
Books
 E - a book of Cantrips

   Spells                             Type                      Level
   a - Confusing Touch                Hexes                        1
   b - Animate Skeleton               Necromancy                   1
   c - Summon Small Mammal            Summoning                    1
   d - Apportation                    Translocation                1
Comestibles
 f - a meat ration
 A - 3 slices of pizza


   Skills:
 - Level 9.2 Fighting
 + Level 8.1 Crossbows
 - Level 9.0 Dodging
 - Level 1.3 Stealth


You had 8 spell levels left.
You didn't know any spells.

Dungeon Overview and Level Annotations

Branches:
Dungeon (7/15)             Temple (0/1) D:7

Altars:
Elyvilon
Gozag
Hepliaklqana
Okawaru
Vehumet

Annotations:
D:3 Host24's ghost, amateur KoHu


Innate Abilities, Weirdness & Mutations

You are small and have problems with some larger weapons.
You are carnivorous and can eat meat at any time.


Message History

* * * LOW HITPOINT WARNING * * *
Firing (i - inventory. (,) - cycle):
d - 63 bolts (quivered)
Press: ? - help, Shift-Dir - straight line, f/p - orc warrior
Aim: an orc warrior, wielding a short sword and wearing a plate armour (heavily wounded)
You shoot a bolt. The bolt hits the orc warrior.
The orc warrior is severely wounded.
The orc warrior misses you.
Firing (i - inventory. (,) - cycle):
d - 62 bolts (quivered)
Press: ? - help, Shift-Dir - straight line, f/p - orc warrior
Aim: an orc warrior, wielding a short sword and wearing a plate armour (severely wounded)
You shoot a bolt. The bolt hits the orc warrior.
The orc warrior is severely wounded.
The orc warrior completely misses you.
Firing (i - inventory. (,) - cycle):
d - 61 bolts (quivered)
Press: ? - help, Shift-Dir - straight line, f/p - orc warrior
Aim: an orc warrior, wielding a short sword and wearing a plate armour (severely wounded)
You shoot a bolt. The bolt hits the orc warrior.
The orc warrior is almost dead.
The orc warrior hits you with a short sword!!
You die...

#........# ### #........# #.. _..
+........# #.# ... #........# #.#
... #........# #.# ##.#
#........# #.# ..# ## #######'##
#.# ###.#####.. #..#
########.###..)....... ### ##.#
#...)@o((..'..........
..######.###.##########......###.
..........................>......
#.######.###.##.#######.......##.
#+## #.###.##.#.....#.......#
...#####.....##.#.....#.......##.
......##..#####.#.....#.......'..
......##..#####.#..<..#......(##.
......##.......................#


You could see an orc warrior.

Vanquished Creatures
  A water moccasin (D:6)
  A black bear (D:6)
  4 ice beasts
  An orc warrior (D:7)
  3 ogres
  A phantom (D:4)
  A big kobold (D:7)
  4 bullfrogs
  4 crimson imps
  A bullfrog zombie (D:5)
  A hound (D:6)
  5 orc priests
  A centaur skeleton (D:5)
  Terence (D:3)
  4 worker ants
  2 iguanas
  2 orc wizards
  A howler monkey zombie (D:7)
  Robin (D:4)
  A worker ant zombie (D:5)
  2 gnolls (D:5)
  9 adders
  A shadow imp (D:6)
  An ooze (D:1)
  An adder skeleton (D:5)
  4 worms
  A dart slug (D:2)
  A leopard gecko (D:1)
  26 orcs
  2 ball pythons (D:1)
  9 bats
  7 giant cockroaches
  15 hobgoblins
  2 jackals (D:1)
  A quokka (D:3)
  5 frilled lizards
  15 goblins
  21 kobolds
  4 rats
167 creatures vanquished.

Notes
Turn   | Place    | Note
-------+----------+-------------------------------------------
     0 | D:1      | Host24 the Kobold Hunter began the quest for the Orb.
     0 | D:1      | Reached XP level 1. HP: 12/12 MP: 1/1
   176 | D:1      | Reached XP level 2. HP: 18/18 MP: 2/2
   527 | D:1      | Reached XP level 3. HP: 4/23 MP: 3/3
  1528 | D:2      | Reached XP level 4. HP: 17/29 MP: 4/4
  1609 | D:2      | Found a white marble altar of Elyvilon.
  1894 | D:2      | Found a faded altar of an unknown god.
  2313 | D:3      | Noticed Terence
  2372 | D:3      | Noticed Host24's ghost (amateur KoHu)
  2932 | D:3      | Killed Terence
  2932 | D:3      | Reached XP level 5. HP: 33/33 MP: 5/5
  3048 | D:3      | Reached skill level 5 in Dodging
  3840 | D:4      | Reached skill level 5 in Fighting
  3840 | D:4      | Reached XP level 6. HP: 40/40 MP: 6/6
  3915 | D:4      | Reached skill level 5 in Crossbows
  3932 | D:4      | Noticed Robin
  3963 | D:4      | Killed Robin
  4588 | D:4      | Noticed an ogre
  4593 | D:4      | Killed an ogre
  4593 | D:4      | Reached XP level 7. HP: 47/47 MP: 7/7
  5296 | D:5      | Entered Level 5 of the Dungeon
  5842 | D:5      | Reached XP level 8. HP: 54/54 MP: 8/8
  6093 | D:5      | Found a hazy altar of Hepliaklqana.
  6173 | D:5      | Found an iron altar of Okawaru.
  6243 | D:5      | Became a worshipper of Warmaster Okawaru
  6388 | D:6      | Reached * piety under Okawaru
  6767 | D:6      | Reached XP level 9. HP: 37/59 MP: 9/9
  6905 | D:6      | Found an opulent altar of Gozag.
  7437 | D:6      | Found an opulent altar of Gozag.
  7509 | D:7      | Reached ** piety under Okawaru
  7702 | D:7      | Found a staircase to the Ecumenical Temple.
  8204 | D:7      | Found a radiant altar of Vehumet.
  8222 | D:7      | Slain by an orc warrior

Skill      XL: |  1  2  3  4  5  6  7  8  9 |
---------------+----------------------------+-----
Fighting       | 3 4 5 6 8 9 |  9.2
Dodging        | 3 4 5 7 9 |  9.0
Crossbows      | 5 7 8 |  8.1
Stealth        | |  1.3

Action                   |  1- 3 |  4- 6 |  7- 9 || total
-------------------------+-------+-------+-------++-------
Melee: Short sword       |    12 |       |       ||    12
       Dagger            |   102 |   215 |   309 ||   626
       Hand axe          |       |       |    67 ||    67
 Fire: Hand crossbow     |    13 |    29 |   102 ||   144
  Use: Scroll            |       |     1 |     4 ||     5
 Stab: Sleeping          |     1 |     2 |     1 ||     4
  Eat: Chunk             |    10 |    10 |    12 ||    32
Armor: Leather armour    |    23 |    42 |    70 ||   135
Dodge: Dodged            |    80 |   208 |   319 ||   607
